 Dungeon Sprint DCSS version 0.30.1-9-gdf580d7c3d (webtiles) character file.

Game seed: 10903961228012507138

1576 Heoruswealwe the Impaler (level 8, -7/83 HPs)
             Began as a Minotaur Fighter on Oct 10, 2023.
             Was an Initiate of Gozag.
             Mangled by a white ugly thing (10 damage)
             ... in the Dungeon (Sprint IX: "|||||||||||||||||||||||||||||").
             The game lasted 00:02:26 (161 turns).

Heoruswealwe the Impaler (Minotaur Fighter)          Turns: 161, Time: 00:02:27

Health: -7/83      AC: 10    Str: 23    XL:     8   Next: 60%
Magic:  7/7        EV: 10    Int:  5    God:    Gozag
Gold:   720        SH:  0    Dex: 18    Spells: 7/7 levels left

rFire   x . .        b - +2 halberd of Biumiu {flame, rF- Will+ Dex+8}
rCold   . . .        (shield currently unavailable)
rNeg    . . .        c - +0 scale mail
rPois   .            (helmet restricted)
rElec   .            (no cloak)
rCorr   .            f - +0 pair of gloves
SInv    .            (no boots)
Will    +....        (no amulet) Stlth
                     (no ring)
HPRegen 0.33/turn    (no ring)
MPRegen 0.10/turn

%: no teleportation
@: gold aura
A: horns 2, retaliatory headbutt
a: Renounce Religion, Potion Petition, Call Merchant, Bribe Branch


You were in the Dungeon.
You worshipped Gozag.
Gozag was pleased with you.
You visited 1 branch You collected 720 gold pieces.

Inventory:

Hand Weapons
 a - a +0 trident
 b - the +2 halberd of Biumiu (weapon) {flame, rF- Will+ Dex+8}
   (You found it in the Dungeon)

   Dex:       It affects your dexterity (+8).
   rF:        It makes you vulnerable to fire.
   Will:      It increases your willpower.
Armour
 c - a +0 scale mail (worn)
 d - a +0 buckler
 f - a +0 pair of gloves (worn)
Wands
 h - a wand of roots (10)
Scrolls
 j - 2 scrolls of blinking
Potions
 e - 4 potions of curing
 g - a potion of haste
 i - a potion of berserk rage
 k - a potion of might


   Skills:
 + Level 12.1 Fighting
 * Level 16.1 Polearms
 + Level 12.1 Armour
 - Level 3.6 Shields


You had 7 spell levels left.
You didn't know any spells.
Your spell library was empty.

Dungeon Overview and Level Annotations

Branches:
Dungeon (1/1)

Altars:
Cheibriados
Dithmenos
Elyvilon
Fedhas
Gozag
Hepliaklqana
Kikubaaqudgha
Makhleb
Nemelex Xobeh
Okawaru
Qazlal
Ru
Sif Muna
Trog
Uskayaw
Vehumet
Wu Jian
Xom
Yredelemnul
Zin
The Shining One
Jiyva
Lugonu


Innate Abilities, Weirdness & Mutations

You have a pair of horns on your head.
You reflexively headbutt those who attack you in melee.


Message History

You puncture the efreet!
The efreet is moderately wounded.
The efreet hits you with a +1 scimitar of flaming.
The efreet burns you.
You hit the efreet.
The efreet is heavily wounded.
The efreet gestures at you.
The fireball explodes!
The fireball engulfs you!! The fire burns you terribly!
* * * LOW HITPOINT WARNING * * *
The fireball engulfs the efreet.
The efreet completely resists.
You puncture the efreet!
The efreet is almost dead.
You impale the efreet!!
You kill the efreet!
Your Fighting skill increases to level 12!
Your Polearms skill increases to level 16!
Your Armour skill increases to level 12!
You puncture the white ugly thing! You burn the white ugly thing.
Your headbutt misses the white ugly thing.
The white ugly thing is moderately wounded.
The white ugly thing barely misses you.
You impale the white ugly thing!! You burn the white ugly thing.
Your headbutt misses the white ugly thing.
The white ugly thing is heavily wounded.
The centaur warrior is distracted by your dazzling golden aura.
The white ugly thing tail-slaps you but does no damage.
Unknown command.
The centaur warrior shouts!
You hit the white ugly thing. You burn the white ugly thing.
The white ugly thing is heavily wounded.
You hit the white ugly thing but do no damage.
The white ugly thing is heavily wounded.
The white ugly thing misses you.
The deep elf pyromancer casts a spell.
The deep elf pyromancer blinks!
You barely miss the white ugly thing.
The white ugly thing is heavily wounded.
The white ugly thing tail-slaps you!
You die...
Your body crumbles into a pile of gold. $$$$$ $ $ $ $$$$$ $ $ ▓▓▓▓▓▓▓▓▓▓▓▓▓▓▓▓▓▓▓▓▓▓▓▓ '!?)..[[==')))..@uye.cR. ▓▓▓▓▓▓▓▓▓▓▓▓▓▓▓▓▓▓▓▓▓▓▓▓

You could see a white ugly thing, a centaur warrior, a deep elf pyromancer, an efreet and a vampire mosquito.

Vanquished Creatures
  A two-headed ogre (D)
  An efreet (D)
  A troll (D)
  A yak (D)
  2 orc warriors (D)
  A centaur (D)
  A scorpion (D)
  2 hounds (D)
  An iguana (D)
  A gnoll (D)
  2 giant cockroaches (D)
  A hobgoblin (D)
  A ball python (D)
  A kobold (D)
17 creatures vanquished.

Notes
Turn   | Place    | Note
-------+----------+-------------------------------------------
     0 | D        | Heoruswealwe the Minotaur Fighter began the quest for the
                  | Orb.
     0 | D        | Reached XP level 1. HP: 19/19 MP: 0/0
     9 | D        | Reached skill level 3 in Polearms
    22 | D        | Noticed a hound
    22 | D        | Noticed a scorpion
    22 | D        | Noticed an iguana
    22 | D        | Noticed a hound
    27 | D        | Killed a hound
    28 | D        | Reached skill level 5 in Fighting
    28 | D        | Reached skill level 5 in Polearms
    28 | D        | Reached skill level 5 in Armour
    28 | D        | Reached XP level 2. HP: 28/29 MP: 1/1
    28 | D        | Reached XP level 3. HP: 35/36 MP: 2/2
    37 | D        | Killed a scorpion
    38 | D        | Reached skill level 7 in Polearms
    38 | D        | Reached XP level 4. HP: 44/44 MP: 3/3
    41 | D        | Reached skill level 8 in Polearms
    49 | D        | Reached skill level 9 in Polearms
    49 | D        | Reached XP level 5. HP: 41/52 MP: 4/4
    55 | D        | Found a snail-covered altar of Cheibriados.
    55 | D        | Found a shadowy altar of Dithmenos.
    55 | D        | Found a white marble altar of Elyvilon.
    55 | D        | Found a blossoming altar of Fedhas.
    55 | D        | Found an opulent altar of Gozag.
    56 | D        | Found a hazy altar of Hepliaklqana.
    57 | D        | Found a viscous altar of Jiyva.
    58 | D        | Found an ancient bone altar of Kikubaaqudgha.
    59 | D        | Found a corrupted altar of Lugonu.
    60 | D        | Found a burning altar of Makhleb.
    61 | D        | Found a sparkling altar of Nemelex Xobeh.
    62 | D        | Found an iron altar of Okawaru.
    63 | D        | Became a worshipper of Gozag Ym Sagoz the Greedy
    64 | D        | Found a stormy altar of Qazlal.
    65 | D        | Found a sacrificial altar of Ru.
    66 | D        | Found a shimmering blue altar of Sif Muna.
    67 | D        | Found a bloodstained altar of Trog.
    68 | D        | Found a hide-covered altar of Uskayaw.
    69 | D        | Found a radiant altar of Vehumet.
    70 | D        | Found an ornate altar of the Wu Jian Council.
    71 | D        | Found a shimmering altar of Xom.
    72 | D        | Found a basalt altar of Yredelemnul.
    73 | D        | Found a glowing silver altar of Zin.
    74 | D        | Found a glowing golden altar of the Shining One.
    90 | D        | Got the +2 halberd of Biumiu {flame, rF- Will+ Dex+8}
   109 | D        | Noticed an orc warrior
   109 | D        | Noticed an orc warrior
   109 | D        | Noticed a troll
   109 | D        | Noticed a centaur
   109 | D        | Noticed a two-headed ogre
   109 | D        | Noticed a yak
   117 | D        | Killed an orc warrior
   118 | D        | Reached skill level 10 in Polearms
   122 | D        | Killed an orc warrior
   123 | D        | Reached skill level 11 in Polearms
   123 | D        | Reached XP level 6. HP: 23/62 MP: 5/5
   128 | D        | Killed a troll
   129 | D        | Reached skill level 12 in Polearms
   129 | D        | Reached XP level 7. HP: 35/71 MP: 6/6
   131 | D        | Killed a two-headed ogre
   132 | D        | Reached skill level 15 in Polearms
   132 | D        | Reached XP level 8. HP: 37/82 MP: 7/7
   152 | D        | Noticed an efreet
   152 | D        | Noticed a white ugly thing
   152 | D        | Noticed a deep elf pyromancer
   152 | D        | Noticed a centaur warrior
   152 | D        | Noticed an efreet
   154 | D        | HP: 1/83 [efreet/fireball (33)]
   156 | D        | Killed an efreet
   157 | D        | Reached skill level 16 in Polearms
   161 | D        | Mangled by a white ugly thing

Illustrated notes

Levels and vault maps discovered:
D:        linesprint [early_d, line_temple, items_1, d_10, items_2, lair_1,
          lair_end, items_3, orc_1, orc_end, items_4, d_15, swamp_1, shoals_1,
          snake_1, spider_1, d_20, vaults_1, items_5, swamp_end, shoals_end,
          snake_end, spider_end, vaults_end, d_27, items_6, zot_1, zot_end,
          crypt_end, forest_end, elf_end, slime_end, tomb_end, abyss_end,
          pan_hell_end]

Skill      XL: |  1  2  3  4  5  6  7  8 |
---------------+-------------------------+-----
Polearms       | 5 7 9 11 12 15 16 | 16.1
Fighting       | 5 6 7 8 9 11 12 | 12.1
Armour         | 5 6 7 8 9 11 12 | 12.1
Shields        | |  3.6

Action                     |  1- 3 |  4- 6 |  7- 9 || total
---------------------------+-------+-------+-------++-------
  Melee: Trident           |    23 |    11 |       ||    34
         Headbutt          |     1 |     8 |     2 ||    11
         Halberd           |       |    14 |    16 ||    30
    Use: Potion            |     1 |     3 |       ||     4
 Armour: Scale mail        |    12 |     4 |     4 ||    20
  Dodge: Dodged            |     7 |    20 |     6 ||    33
  Block: Buckler           |     4 |     2 |       ||     6
